 Dungeon Crawl Stone Soup version 0.31-a0-177-g4aa6249778 (webtiles) character file.

Game seed: 13785481487344186728

958 exxonimmobile the Conjurer (level 7, -4/52 HPs)
             Began as a Demigod Conjurer on June 19, 2023.
             Slain by Edmund
             ... wielding a +2 dire flail of protection
              (12 damage)
             ... on level 4 of the Dungeon.
             The game lasted 00:25:53 (3883 turns).

exxonimmobile the Conjurer (Demigod Conjurer)       Turns: 3883, Time: 00:25:53

Health: -4/52      AC:  5    Str: 12    XL:     7   Next: 60%
Magic:  14/17      EV: 12    Int: 24    God:
Gold:   240        SH:  0    Dex: 12    Spells: 12/15 levels left

rFire   . . .        h - +1 short sword (protect)
rCold   . . .        (no shield)
rNeg    . . .        a - +0 robe
rPois   .            (no helmet)
rElec   .            (no cloak)
rCorr   .            j - +0 pair of gloves
SInv    .            (no boots)
Will    .....        g - amulet of magic regeneration
Stlth   ++           (no ring)
HPRegen 1.08/turn    (no ring)
MPRegen 0.55/turn

%: no passive effects
@: brilliant
A: high MP 1, forlorn, divine attributes, iridescent scales 1, regeneration 1
a: no special abilities


You were on level 4 of the Dungeon.
You visited 2 branches of the dungeon, and saw 6 of its levels.

You collected 240 gold pieces.

Inventory:

Hand Weapons
 h - a +1 short sword of protection (weapon)
 k - a +1 dagger of holy wrath
Armour
 a - a +0 robe (worn)
 j - a +0 pair of gloves (worn)
Jewellery
 g - an amulet of magic regeneration (around neck)
 i - a ring of resist corrosion
 p - a ring of ice
Wands
 c - a wand of digging (9)
Scrolls
 d - 2 scrolls of fog
Potions
 b - 2 potions of magic
 f - a potion of resistance {unknown}
 l - a potion of lignification {unknown}
 m - a potion of attraction {unknown}
 n - 2 potions of mutation
 o - a potion of berserk rage {unknown}
 q - a potion of curing {unknown}


   Skills:
 + Level 1.1 Fighting
 + Level 1.7 Short Blades
 + Level 2.8 Dodging
 + Level 2.3 Stealth
 + Level 4.7 Spellcasting
 + Level 6.3 Conjurations
 * Level 1.7 Hexes


You had 12 spell levels left.
You knew the following spells:

 Your Spells              Type           Power      Damage    Failure   Level
a - Magic Dart            Conj           100%       1d8       1%          1
b - Searing Ray           Conj           100%       2d8       1%          2

Your spell library contained the following spells:

 Spells                   Type           Power      Damage    Failure   Level
 Dazzling Flash           Conj/Hex       74%        N/A       5%          3
 Blink                    Tloc           16%        N/A       14%         2
 Fulminant Prism          Conj/Hex       18%        3d10      17%         4
 Inner Flame              Hex/Fire       14%        N/A       19%         3
 Iskenderun's Mystic Bla  Conj/Tloc      31%        2d8       24%         4
 Manifold Assault         Tloc           8%         N/A       65%         4
 Yara's Violent Unravell  Hex/Tmut       7%         3d5       87%         5
 Enfeeble                 Hex            10%        N/A       100%        7
 Storm Form               Tmut/Air       4%         N/A       100%        7


Dungeon Overview and Level Annotations

Branches:
Dungeon (5/15)             Temple (1/1) D:5

Shops:
D:3 *

Annotations:
D:4 Edmund


Innate Abilities, Weirdness & Mutations

You have an increased reservoir of magic. (+10% MP)
You shall have no god before yourself.
Your divine heritage dramatically boosts your attributes as you level up.
You are partially covered in iridescent scales. (AC +2)
Your natural rate of healing is unusually fast.


Message History

Edmund is lightly wounded.
Edmund hits you with a +2 dire flail of protection.
* * * LOW HITPOINT WARNING * * *
Casting: Magic Dart (safe; 1% risk of failure)
Confirm with . or Enter, or press ? or * to list all spells.
Aiming: Magic Dart (safe; 1% risk of failure)
Press: ? - help, Shift-Dir - straight line, f/p - Edmund
Aim: Edmund, wielding a +2 dire flail of protection and wearing a +0 scale mail (lightly wounded, 100% to hit)
You feel a surge of power!
The magic dart hits Edmund but does no damage.
Edmund is lightly wounded.
Edmund hits you with a +2 dire flail of protection.
* * * LOW HITPOINT WARNING * * *
Casting: Magic Dart (safe; 1% risk of failure)
Confirm with . or Enter, or press ? or * to list all spells.
Aiming: Magic Dart (safe; 1% risk of failure)
Press: ? - help, Shift-Dir - straight line, f/p - Edmund
Aim: Edmund, wielding a +2 dire flail of protection and wearing a +0 scale mail (lightly wounded, 100% to hit)
You feel a surge of power!
The magic dart hits Edmund.
Edmund is moderately wounded.
Edmund completely misses you.
Casting: Magic Dart (safe; 1% risk of failure)
Confirm with . or Enter, or press ? or * to list all spells.
Aiming: Magic Dart (safe; 1% risk of failure)
Press: ? - help, Shift-Dir - straight line, f/p - Edmund
Aim: Edmund, wielding a +2 dire flail of protection and wearing a +0 scale mail (moderately wounded, 100% to hit)
You feel a surge of power!
The magic dart hits Edmund but does no damage.
Edmund is moderately wounded.
Edmund barely misses you.
Casting: Magic Dart (safe; 1% risk of failure)
Confirm with . or Enter, or press ? or * to list all spells.
Aiming: Magic Dart (safe; 1% risk of failure)
Press: ? - help, Shift-Dir - straight line, f/p - Edmund
Aim: Edmund, wielding a +2 dire flail of protection and wearing a +0 scale mail (moderately wounded, 100% to hit)
You feel a surge of power!
The magic dart hits Edmund but does no damage.
Edmund is moderately wounded.
Edmund hits you with a +2 dire flail of protection!
You die...

#.# #..#.....#.# #.# ### #.#
#..#.###.#.# #.# ..######.#
#......#.#.# #.# ..#......#
#....#.#.#.# #.####### ..#......#
#....#.#.#.# #........
..#......###.#.##.#.#.########...
..'...............#...<#.........
..#......############.##..###....
..+.......)<...@@..............##
..###'###############.##...#...#
..###.<.......#######.##..)#...#
..'.......................>#...#
..###.#######.#######.##.......#
...##.# ####.#######.###..#..###
...##.####.......................
...'.....'...........####..######
...##.####...........# #........


You could see Edmund.

Vanquished Creatures
  2 black bears
  2 ogres
  3 scorpions
  A howler monkey (D:4)
  2 jellies (D:2)
  A hound (D:5)
  An iguana (D:5)
  An orc wizard (D:4)
  3 gnolls
  10 adders
  A dart slug (D:1)
  12 orcs
  8 ball pythons
  6 bats
  18 endoplasms
  7 giant cockroaches
  7 goblins
  8 hobgoblins
  4 quokkas
  4 frilled lizards
  15 kobolds
  7 rats
123 creatures vanquished.

Notes
Turn   | Place    | Note
-------+----------+-------------------------------------------
     0 | D:1      | exxonimmobile the Demigod Conjurer began the quest for the
                  | Orb.
     0 | D:1      | Reached XP level 1. HP: 14/14 MP: 5/5
   226 | D:1      | Reached skill level 4 in Conjurations
   226 | D:1      | Reached XP level 2. HP: 17/20 MP: 0/7
   762 | D:2      | Reached XP level 3. HP: 26/26 MP: 6/8
  1009 | D:2      | Reached XP level 4. HP: 33/33 MP: 3/10
  1183 | D:2      | Reached skill level 5 in Conjurations
  1460 | D:2      | Reached XP level 5. HP: 38/38 MP: 8/12
  1855 | D:2      | Gained mutation: You sometimes lose your temper in combat.
                  | [potion of mutation]
  1855 | D:2      | Gained mutation: You have a pair of small horns on your
                  | head. [potion of mutation]
  1942 | D:3      | Lost mutation: You sometimes lose your temper in combat.
                  | [potion of mutation]
  1942 | D:3      | Lost mutation: You have a pair of small horns on your head.
                  | [potion of mutation]
  1942 | D:3      | Gained mutation: You are partially covered in iridescent
                  | scales. (AC +2) [potion of mutation]
  1942 | D:3      | Gained mutation: Your natural rate of healing is unusually
                  | fast. [potion of mutation]
  2054 | D:3      | Found Xoineny's General Store.
  2746 | D:4      | Noticed an ogre
  2852 | D:4      | Reached XP level 6. HP: 42/46 MP: 11/14
  3198 | D:4      | Reached skill level 1 in Short Blades
  3346 | D:4      | Learned a level 2 spell: Searing Ray
  3493 | D:4      | Reached skill level 6 in Conjurations
  3493 | D:4      | Reached XP level 7. HP: 51/51 MP: 11/16
  3534 | D:5      | Entered Level 5 of the Dungeon
  3598 | D:5      | Reached skill level 1 in Fighting
  3598 | D:5      | Reached skill level 1 in Hexes
  3744 | D:5      | Found a staircase to the Ecumenical Temple.
  3771 | Temple   | Entered the Ecumenical Temple
  3830 | D:5      | Noticed Edmund
  3883 | D:4      | Slain by Edmund

Illustrated notes

Levels and vault maps discovered:
D:1:      ncdulo_wetmaze, layout_rooms
D:2:      cheibrodos_fertilizer, layout_basic
D:3:      layout_basic, serial_shops, shop
D:4:      layout_basic
D:5:      layout_gridville, nicolae_uskayaw_en_pointe, elyvilon_altar_1,
          minmay_temple_entry_wispy, serial_glass, glass_columns_a,
          glass_columns_a, glass_columns_b, glass_columns_a, glass_columns_c,
          glass_columns_b, glass_columns_a, glass_columns_a, glass_columns_c,
          glass_columns_c, glass_columns_b, glass_columns_b, glass_columns_a,
          glass_columns_b, dreamdust_gnoll_farm, uniq_edmund, uniq_menkaure
Temple:   nicolae_temple_no_exploring_needed

Skill      XL: |  1  2  3  4  5  6  7 |
---------------+----------------------+-----
Conjurations   | 4 5 6 |  6.3
Spellcasting   | 2 3 4 |  4.7
Dodging        | 2 |  2.8
Stealth        | 2 |  2.3
Short Blades   | 1 |  1.7
Fighting       | 1 |  1.1
Hexes          | 1 |  1.7

Action                     |  1- 3 |  4- 6 |  7- 9 || total
---------------------------+-------+-------+-------++-------
  Melee: Short sword       |    16 |     2 |     8 ||    26
         Dagger            |       |     5 |     8 ||    13
   Cast: Magic Dart        |    96 |   174 |    58 ||   328
    Use: Scroll            |     3 |     3 |     1 ||     7
         Potion            |       |     2 |     1 ||     3
 Armour: Robe              |     7 |    22 |     9 ||    38
  Dodge: Dodged            |    26 |    48 |    30 ||   104

Table legend: (Time is in decaauts)
 A = Elapsed time spent in this place.
 B = Non-inter-level travel time spent in this place.
 C = Inter-level travel time spent in this place.
 D = Time resting spent in this place.
 E = Time spent auto-exploring this place.
 F = Levels seen in this place.
 G = Mean time per level.
                   A        B        C        D        E       F      G
               +--------+--------+--------+--------+--------+-----+--------+
         Total |   3887 |   3693 |    194 |    140 |   2168 |   6 |  647.8 |
       Dungeon |   3880 |   3686 |    194 |    140 |   2168 |   5 |  776.0 |
        Temple |      6 |      6 |      0 |      0 |      0 |   1 |    6.0 |
               +--------+--------+--------+--------+--------+-----+--------+

Top non-repeatable levels by time:
     D:2: 1097 daAuts
     D:3: 886 daAuts
     D:4: 871 daAuts
     D:1: 765 daAuts
     D:5: 260 daAuts
  Temple: 6 daAuts
